| TOP OF THE 1ST |
|
Colorado Avalanche batting - Pitching for Kelowna Heat : LHP Chris Wrobel
|
|
Pitching: LHP Chris Wrobel
|
|
|
Batting: RHB Ben Connelly
|
0-0: Ball 1-0: Fly out, F8 (Flyball, 8RS, EV 87.5 MPH)
|
|
Batting: SHB Taylor Shelton
|
0-0: Called Strike 0-1: Ball 1-1: Swinging Strike 1-2: Foul Ball, location: 2F 1-2: Ball 2-2: Ball 3-2: SINGLE (Groundball, 6, EV 104.4 MPH)
|
|
Batting: RHB Joe Shade
|
0-0: Foul Ball, location: 2F 0-1: Ball 1-1: Ball 2-1: Ball 3-1: Foul Ball, location: 2F 3-2: Grounds into double play, 6-4-3 (Groundball, 6, EV 90.0 MPH)
|
| Top of the 1st over - 0 runs, 1 hit, 0 errors, 0 left on base; Colorado 0 - Kelowna 0 |
| BOTTOM OF THE 1ST |
|
Kelowna Heat batting - Pitching for Colorado Avalanche : RHP Andrew Cribbs
|
|
Pitching: RHP Andrew Cribbs
|
|
|
Batting: RHB Mike Storey
|
0-0: Fly out, F7 (Flyball, 7S, EV 92.5 MPH)
|
|
Batting: RHB Soichi Kaneshiro
|
0-0: Called Strike 0-1: Ball 1-1: Called Strike 1-2: Foul Ball, location: 2F 1-2: Strikes out swinging
|
|
Batting: LHB Billy Lang
|
0-0: Foul Ball, location: 2F 0-1: Foul Ball, location: 2F 0-2: Ball 1-2: Ground out 4-3 (Groundball, 34, EV 80.0 MPH)
|
| Bottom of the 1st over - 0 runs, 0 hits, 0 errors, 0 left on base; Colorado 0 - Kelowna 0 |
| TOP OF THE 2ND |
|
Colorado Avalanche batting - Pitching for Kelowna Heat : LHP Chris Wrobel
|
|
Batting: RHB Aaron Burnet
|
0-0: Ball 1-0: Ball 2-0: Ball 3-0: Base on Balls
|
|
Batting: RHB Marco Avina
|
0-0: Called Strike 0-1: Fly out, F7 (Flyball, 78M, EV 89.4 MPH)
|
|
Batting: LHB Rich Rauda
|
0-0: Ball 1-0: Called Strike 1-1: Ball 2-1: Called Strike 2-2: Foul Ball, location: 2F 2-2: Strikes out looking
|
|
Batting: RHB Mike Chiquete
|
0-0: Ball 1-0: Called Strike 1-1: Ball 2-1: Ball 3-1: Swinging Strike 3-2: SINGLE (Groundball, 34D, EV 103.1 MPH) Aaron Burnet to second Aaron Burnet to third
|
|
Batting: LHB Dan Goldberg
|
0-0: Called Strike 0-1: Ball 1-1: Ball 2-1: Ball 3-1: Fly out, F9 (Line Drive, 89M, EV 106.9 MPH)
|
| Top of the 2nd over - 0 runs, 1 hit, 0 errors, 2 left on base; Colorado 0 - Kelowna 0 |
| BOTTOM OF THE 2ND |
|
Kelowna Heat batting - Pitching for Colorado Avalanche : RHP Andrew Cribbs
|
|
Batting: LHB Alex Larangho
|
0-0: Ball 1-0: Swinging Strike 1-1: Ball 2-1: Ball 3-1: Called Strike 3-2: Foul Ball, location: 2F 3-2: DOUBLE (Flyball, 89D, EV 109.4 MPH)
|
|
Batting: RHB Sean Gilbert
|
0-0: Called Strike 0-1: Foul Ball, location: 2F 0-2: Ball 1-2: Strikes out swinging
|
|
Batting: LHB Willy Berrios
|
0-0: Ball 1-0: Called Strike 1-1: Swinging Strike 1-2: Fly out, F5 (Popup, 56, EV 70.0 MPH)
|
|
Batting: LHB Robert Leary
|
0-0: Ball 1-0: Foul Ball, location: 2F 1-1: Foul Ball, location: 2F 1-2: Strikes out looking
|
| Bottom of the 2nd over - 0 runs, 1 hit, 0 errors, 1 left on base; Colorado 0 - Kelowna 0 |
| TOP OF THE 3RD |
|
Colorado Avalanche batting - Pitching for Kelowna Heat : LHP Chris Wrobel
|
|
Batting: LHB Bob Kaufmann
|
0-0: Ball 1-0: Foul Ball, location: 2F 1-1: Called Strike 1-2: Strikes out swinging
|
|
Batting: RHB Ben Connelly
|
0-0: Ball 1-0: Ball 2-0: Ball 3-0: Base on Balls
|
|
Batting: SHB Taylor Shelton
|
0-0: Fly out, F3 (Line Drive, 34, EV 65.0 MPH) Lined into DP, U3 (Line Drive, 34, EV 62.5 MPH)
|
| Top of the 3rd over - 0 runs, 0 hits, 0 errors, 0 left on base; Colorado 0 - Kelowna 0 |
| BOTTOM OF THE 3RD |
|
Kelowna Heat batting - Pitching for Colorado Avalanche : RHP Andrew Cribbs
|
|
Batting: RHB Glen Limeburner
|
0-0: Swinging Strike 0-1: Foul Ball, location: 2F 0-2: Ball 1-2: Ball 2-2: Strikes out swinging
|
|
Batting: RHB Joe Nelson
|
0-0: Ball 1-0: Ball 2-0: Foul Ball, location: 2F 2-1: Ball 3-1: Foul Ball, location: 2F 3-2: Foul Ball, location: 2F 3-2: Base on Balls
|
|
Batting: RHB Mike Storey
|
0-0: Ball Joe Nelson steals 2nd base 1-0: Ball 2-0: Called Strike 2-1: SINGLE (Groundball, 4D, EV 99.4 MPH) Joe Nelson to third Runner from 3rd tries for Home, SAFE, throw by RF to home
|
|
Batting: RHB Soichi Kaneshiro
|
0-0: Foul Ball, location: 2F 0-1: Foul Ball, location: 2F 0-2: Ball 1-2: Foul Ball, location: 2F 1-2: Strikes out swinging
|
|
Batting: LHB Billy Lang
|
0-0: Ball 1-0: Fly out, F4 (Popup, 4MD, EV 46.9 MPH)
|
| Bottom of the 3rd over - 1 run, 1 hit, 0 errors, 1 left on base; Colorado 0 - Kelowna 1 |
| TOP OF THE 4TH |
|
Colorado Avalanche batting - Pitching for Kelowna Heat : LHP Chris Wrobel
|
|
Batting: RHB Joe Shade
|
0-0: Called Strike 0-1: Foul Ball, location: 2F 0-2: Strikes out swinging
|
|
Batting: RHB Aaron Burnet
|
0-0: Ball 1-0: Swinging Strike 1-1: Ground out 6-3 (Groundball, 6, EV 103.8 MPH)
|
|
Batting: RHB Marco Avina
|
0-0: Ball 1-0: Called Strike 1-1: Ball 2-1: Foul Ball, location: 2F 2-2: Ground out 5-3 (Groundball, 56S, EV 85.0 MPH)
|
| Top of the 4th over - 0 runs, 0 hits, 0 errors, 0 left on base; Colorado 0 - Kelowna 1 |
| BOTTOM OF THE 4TH |
|
Kelowna Heat batting - Pitching for Colorado Avalanche : RHP Andrew Cribbs
|
|
Batting: LHB Alex Larangho
|
0-0: Called Strike 0-1: Ball 1-1: Ball 2-1: Foul Ball, location: 2F 2-2: Ball 3-2: Fly out, F8 (Flyball, 8LM, EV 86.9 MPH)
|
|
Pitching: RHP David Spangler
|
|
|
Batting: RHB Sean Gilbert
|
0-0: Foul Ball, location: 2F 0-1: Ball 1-1: Ball 2-1: Ball 3-1: Swinging Strike 3-2: Foul Ball, location: 2F 3-2: Fly out, F8 (Flyball, 8LXD, EV 103.1 MPH)
|
|
Batting: LHB Willy Berrios
|
0-0: Ball 1-0: DOUBLE (Flyball, 78D, EV 101.9 MPH)
|
|
Batting: LHB Robert Leary
|
0-0: Ground out 5-3 (Groundball, 15, EV 80.0 MPH)
|
| Bottom of the 4th over - 0 runs, 1 hit, 0 errors, 1 left on base; Colorado 0 - Kelowna 1 |
| TOP OF THE 5TH |
|
Colorado Avalanche batting - Pitching for Kelowna Heat : LHP Chris Wrobel
|
|
Batting: LHB Rich Rauda
|
0-0: Ball 1-0: Called Strike 1-1: Fly out, F7 (Line Drive, 7S, EV 92.5 MPH)
|
|
Batting: RHB Mike Chiquete
|
0-0: Foul Ball, location: 2F 0-1: Called Strike 0-2: Ball 1-2: Foul Ball, location: 2F 1-2: Strikes out swinging
|
|
Batting: LHB Dan Goldberg
|
0-0: Called Strike 0-1: Called Strike 0-2: Ground out U3 (Groundball, 3, EV 103.8 MPH)
|
| Top of the 5th over - 0 runs, 0 hits, 0 errors, 0 left on base; Colorado 0 - Kelowna 1 |
| BOTTOM OF THE 5TH |
|
Kelowna Heat batting - Pitching for Colorado Avalanche : RHP David Spangler
|
|
Batting: RHB Glen Limeburner
|
0-0: Called Strike 0-1: Ball 1-1: Swinging Strike 1-2: Ball 2-2: SINGLE (Groundball, 6MD, EV 93.8 MPH)
|
|
Batting: RHB Joe Nelson
|
0-0: Swinging Strike 0-1: Foul Ball, location: 2F 0-2: Ball 1-2: Ball 2-2: Strikes out swinging
|
|
Batting: RHB Mike Storey
|
0-0: Called Strike 0-1: SINGLE (Line Drive, 34D, EV 98.8 MPH) Glen Limeburner to second Throwing error, E9 Glen Limeburner scores Mike Storey to second
|
|
Batting: RHB Soichi Kaneshiro
|
0-0: Ball 1-0: Swinging Strike 1-1: Ball 2-1: Swinging Strike 2-2: Foul Ball, location: 2F 2-2: Ground out 4-3 (Groundball, 4, EV 94.4 MPH) Mike Storey to third
|
|
Batting: LHB Billy Lang
|
0-0: Fly out, F6 (Flyball, 56D, EV 79.4 MPH)
|
| Bottom of the 5th over - 1 run, 2 hits, 1 error, 1 left on base; Colorado 0 - Kelowna 2 |
| TOP OF THE 6TH |
|
Colorado Avalanche batting - Pitching for Kelowna Heat : LHP Chris Wrobel
|
|
Batting: LHB Bob Kaufmann
|
0-0: Ball 1-0: Called Strike 1-1: Ball 2-1: Foul Ball, location: 2F 2-2: Foul Ball, location: 2F 2-2: Strikes out swinging
|
|
Batting: RHB Ben Connelly
|
0-0: Ball 1-0: SINGLE (Groundball, 15S, EV 61.9 MPH) (infield hit)
|
|
Batting: SHB Taylor Shelton
|
0-0: Foul Ball, location: 2F 0-1: Ball 1-1: Called Strike 1-2: Reached on error, E9 (Flyball, 9S, EV 90.0 MPH) Ben Connelly to second
|
|
Batting: RHB Joe Shade
|
0-0: Ball 1-0: Ball 2-0: Called Strike 2-1: Ball 3-1: Base on Balls Ben Connelly to third Taylor Shelton to second
|
|
Batting: RHB Aaron Burnet
|
0-0: Swinging Strike 0-1: Ball 1-1: Ball 2-1: Foul Ball, location: 2F 2-2: Ball 3-2: Fly out, F7 (Flyball, 7, EV 90.0 MPH) Throwing error, E7 Ben Connelly scores Taylor Shelton to third Joe Shade to second
|
|
Batting: RHB Marco Avina
|
0-0: Called Strike 0-1: Swinging Strike 0-2: Ball 1-2: Strikes out swinging
|
| Top of the 6th over - 1 run, 1 hit, 2 errors, 2 left on base; Colorado 1 - Kelowna 2 |
| BOTTOM OF THE 6TH |
|
Kelowna Heat batting - Pitching for Colorado Avalanche : RHP David Spangler
|
|
Pitching: LHP Danny Sebastian
|
|
|
Batting: LHB Alex Larangho
|
0-0: Foul Ball, location: 2F 0-1: Called Strike 0-2: Ball 1-2: Foul Ball, location: 2F 1-2: Ball 2-2: Fly out, F8 (Flyball, 8LD, EV 102.5 MPH)
|
|
Batting: RHB Sean Gilbert
|
0-0: Foul Ball, location: 2F 0-1: SINGLE (Line Drive, 8LS, EV 105.6 MPH)
|
|
Batting: LHB Willy Berrios
|
0-0: Fly out, F8 (Line Drive, 8LS, EV 100.0 MPH)
|
|
Batting: LHB Robert Leary
|
0-0: Called Strike 0-1: Ball 1-1: Ball 2-1: SINGLE (Groundball, 34, EV 107.5 MPH) Sean Gilbert to second Runner from 2nd tries for 3rd, OUT! 9-5
|
| Bottom of the 6th over - 0 runs, 2 hits, 0 errors, 1 left on base; Colorado 1 - Kelowna 2 |
| TOP OF THE 7TH |
|
Colorado Avalanche batting - Pitching for Kelowna Heat : LHP Chris Wrobel
|
|
Pitching: RHP Cody Sharp
|
|
|
Now in LF: Joey Black
|
|
|
Now in RF: Willy Berrios
|
|
|
Batting: LHB Rich Rauda
|
0-0: Ball 1-0: SINGLE (Groundball, 5S, EV 66.2 MPH) (infield hit)
|
|
Pinch Hitting: RHB Brent Montagano
|
0-0: Ball Rich Rauda steals 2nd base 1-0: Swinging Strike 1-1: Ball 2-1: Ball 3-1: Called Strike 3-2: DOUBLE (Line Drive, 7LS, EV 98.8 MPH) Rich Rauda scores
|
|
Batting: LHB Dan Goldberg
|
0-0: Called Strike 0-1: Ball 1-1: Called Strike 1-2: Foul Ball, location: 2F 1-2: Ball 2-2: Ground out 4-3 (Groundball, 4, EV 99.4 MPH) Brent Montagano to third
|
|
Batting: LHB Bob Kaufmann
|
0-0: Ball 1-0: Ball 2-0: Ball 3-0: Called Strike 3-1: Swinging Strike 3-2: Strikes out swinging
|
|
Batting: RHB Ben Connelly
|
0-0: Swinging Strike 0-1: Ball 1-1: Called Strike 1-2: SINGLE (Groundball, 56S, EV 76.9 MPH) (infield hit) Brent Montagano scores
|
|
Batting: SHB Taylor Shelton
|
0-0: Foul Ball, location: 2F 0-1: Swinging Strike 0-2: Ball 1-2: Ball 2-2: Ball Ben Connelly is caught stealing 2nd base 2-6
|
| Top of the 7th over - 2 runs, 3 hits, 0 errors, 0 left on base; Colorado 3 - Kelowna 2 |
| BOTTOM OF THE 7TH |
|
Kelowna Heat batting - Pitching for Colorado Avalanche : LHP Danny Sebastian
|
|
Now at 3B: Brent Montagano
|
|
|
Pinch Hitting: RHB Jose Sanchez
|
0-0: Ball 1-0: Foul Ball, location: 2F 1-1: Ball 2-1: Foul Ball, location: 2F 2-2: Ball 3-2: Fly out, F8 (Flyball, 8RM, EV 90.0 MPH)
|
|
Pitching: RHP Gary Pinard
|
|
|
Batting: RHB Joe Nelson
|
0-0: Swinging Strike 0-1: Called Strike 0-2: Ball 1-2: Strikes out looking
|
|
Batting: RHB Mike Storey
|
0-0: Called Strike 0-1: Ball 1-1: Foul Ball, location: 2F 1-2: Ball 2-2: Foul Ball, location: 2F 2-2: SINGLE (Flyball, 7LS, EV 93.1 MPH)
|
|
Batting: RHB Soichi Kaneshiro
|
0-0: Called Strike 0-1: Ball 1-1: Fly out, F8 (Flyball, 8LD, EV 80.0 MPH)
|
| Bottom of the 7th over - 0 runs, 1 hit, 0 errors, 1 left on base; Colorado 3 - Kelowna 2 |
| TOP OF THE 8TH |
|
Colorado Avalanche batting - Pitching for Kelowna Heat : RHP Cody Sharp
|
|
Now at 2B: Michael Woodard
|
|
|
Batting: SHB Taylor Shelton
|
0-0: Foul Ball, location: 2F 0-1: Ball 1-1: Called Strike 1-2: Ball 2-2: Ball 3-2: SINGLE (Groundball, 34S, EV 66.9 MPH) (infield hit)
|
|
Pitching: RHP Wally Dethridge
|
|
|
Batting: RHB Joe Shade
|
0-0: Ball 1-0: Reached on error, E6 (Groundball, 6, EV 81.9 MPH) Taylor Shelton to second
|
|
Batting: RHB Aaron Burnet
|
0-0: Foul Ball, location: 2F 0-1: Swinging Strike 0-2: Strikes out looking
|
|
Batting: RHB Marco Avina
|
0-0: Ball 1-0: SINGLE (Groundball, 5S, EV 74.4 MPH) (infield hit) Taylor Shelton to third Joe Shade to second
|
|
Pitching: RHP Carlos Florez
|
|
|
Batting: LHB Rich Rauda
|
0-0: Called Strike 0-1: Ball 1-1: Fly out, F9 (Flyball, 89S, EV 80.0 MPH)
|
|
Batting: RHB Brent Montagano
|
0-0: DOUBLE (Flyball, 78XD, EV 112.5 MPH) Taylor Shelton scores Joe Shade scores Marco Avina to third Runner from 3rd tries for Home, throw by CF and OUT! 8-6-2
|
| Top of the 8th over - 2 runs, 3 hits, 1 error, 1 left on base; Colorado 5 - Kelowna 2 |
| BOTTOM OF THE 8TH |
|
Kelowna Heat batting - Pitching for Colorado Avalanche : RHP Gary Pinard
|
|
Batting: LHB Billy Lang
|
0-0: Called Strike 0-1: Ball 1-1: Foul Ball, location: 2F 1-2: Strikes out swinging
|
|
Batting: LHB Alex Larangho
|
0-0: Ball 1-0: Ball 2-0: Foul Ball, location: 2F 2-1: Foul Ball, location: 2F 2-2: Foul Ball, location: 2F 2-2: Ball 3-2: Fly out, F9 (Flyball, 9, EV 86.9 MPH)
|
|
Batting: RHB Sean Gilbert
|
0-0: Called Strike 0-1: Swinging Strike 0-2: Strikes out swinging
|
| Bottom of the 8th over - 0 runs, 0 hits, 0 errors, 0 left on base; Colorado 5 - Kelowna 2 |
| TOP OF THE 9TH |
|
Colorado Avalanche batting - Pitching for Kelowna Heat : RHP Carlos Florez
|
|
Batting: LHB Dan Goldberg
|
0-0: Swinging Strike 0-1: Foul Ball, location: 2F 0-2: Foul Ball, location: 2F 0-2: Ball 1-2: Strikes out swinging
|
|
Batting: LHB Bob Kaufmann
|
0-0: Ball 1-0: Called Strike 1-1: Swinging Strike 1-2: Strikes out swinging
|
|
Batting: RHB Ben Connelly
|
0-0: Called Strike 0-1: Swinging Strike 0-2: Ball 1-2: Ball 2-2: Reached on error, E6 (Groundball, 6, EV 84.4 MPH)
|
|
Batting: SHB Taylor Shelton
|
0-0: Ball 1-0: Foul Ball, location: 2F 1-1: Ball 2-1: Fielders Choice at 2nd, U6 (Groundball, 6M, EV 98.1 MPH)
|
| Top of the 9th over - 0 runs, 0 hits, 1 error, 1 left on base; Colorado 5 - Kelowna 2 |
| BOTTOM OF THE 9TH |
|
Kelowna Heat batting - Pitching for Colorado Avalanche : RHP Gary Pinard
|
|
Batting: LHB Willy Berrios
|
0-0: Reached via error on a dropped throw from 1B, E1 (Groundball, 34, EV 84.4 MPH)
|
|
Batting: RHB Joey Black
|
0-0: Ball 1-0: Ball 2-0: Foul Ball, location: 2F 2-1: Grounds into double play, 6-4-3 (Groundball, 56, EV 101.9 MPH)
|
|
Batting: SHB Michael Woodard
|
0-0: Reached on error, E4 (Groundball, 4, EV 93.1 MPH)
|
|
Pinch Hitting: LHB Ricardo Torres
|
0-0: Ball 1-0: Foul Ball, location: 2F 1-1: Ball 2-1: Fly out, F9 (Flyball, 9, EV 85.6 MPH)
|
| Bottom of the 9th over - 0 runs, 0 hits, 2 errors, 1 left on base; Colorado 5 - Kelowna 2 |
|